 Dungeon Crawl Stone Soup version 0.30-a0-743-gbfdf073431 (webtiles) character file.

Game seed: 8377879983258169558

319 Aneyh the Trooper (level 6, 0/66 HPs)
             Began as a Tengu Monk on Feb 8, 2023.
             Succumbed to a water moccasin's poison
             ... on level 6 of the Dungeon.
             The game lasted 00:04:13 (2748 turns).

Aneyh the Trooper (Tengu Monk)                      Turns: 2748, Time: 00:04:13

Health: 0/66       AC:  2    Str: 11    XL:     6   Next: 45%
Magic:  7/7        EV: 16    Int: 11    God:
Gold:   254        SH:  0    Dex: 18    Spells: 2/5 levels left

rFire   . . .      SeeInvis .    o - +0 spear (venom)
rCold   . . .      Faith    .    (no shield)
rNeg    . . .      Spirit   .    b - +0 robe
rPois   .          Reflect  .    (helmet restricted)
rElec   .          Harm     .    (no cloak)
rCorr   .          Rampage  .    (no gloves)
Will    .....                    (boots unavailable) Stlth
                                 (no amulet)
HPRegen 0.31/turn                (no ring)
MPRegen 0.10/turn                (no ring)

@: berserking, lethally poisoned (0 -> -13), flying quickly and evasively, very
quick
A: beak, talons 3, nimble flight
a: no special abilities


You were on level 6 of the Dungeon.
You visited 1 branch of the dungeon, and saw 6 of its levels.
You also visited: Sewer.

You collected 254 gold pieces.

Inventory:

Hand Weapons
 a - a +0 spear
 g - a +0 mace of distortion
 o - a +0 spear of venom (weapon)
Armour
 b - a +0 robe (worn)
 f - a +1 plate armour of poison resistance
Jewellery
 u - a ring of ice
Scrolls
 c - 2 scrolls of identify
 e - 6 scrolls of teleportation {unknown}
 h - a scroll of magic mapping
 i - 2 scrolls of blinking
 k - a scroll of fear {unknown}
 p - 2 scrolls of torment {unknown}
 q - 4 scrolls of fog {unknown}
 s - a scroll of vulnerability {unknown}
 t - a scroll of immolation {unknown}
Potions
 j - a potion of flight {unknown}
 l - 3 potions of curing {unknown}
 m - a potion of degeneration {unknown}
 n - 3 potions of lignification {unknown}
 r - 2 potions of might {unknown}
 v - a potion of magic {unknown}
 w - a potion of invisibility {unknown}


   Skills:
 * Level 7.0 Fighting
 - Level 3.2 Polearms
 - Level 3.2 Dodging
 - Level 2.0 Stealth


You had 2 spell levels left.
You knew the following spells:

 Your Spells              Type           Power      Damage    Failure   Level
a - Call Canine Familiar  Summ           0%         N/A       71%         3

Your spell library contained the following spells:

 Spells                   Type           Power      Damage    Failure   Level
 Freeze                   Ice            0%         1d3       34%         1
 Slow                     Hex            0%         N/A       34%         1
 Summon Small Mammal      Summ           0%         N/A       34%         1
 Confusing Touch          Hex            0%         N/A       71%         3
 Frozen Ramparts          Ice            0%         1d1       71%         3
 Gell's Gravitas          Tloc           0%         N/A       71%         3
 Hailstorm                Conj/Ice       0%         3d3       71%         3
 Summon Guardian Golem    Hex/Summ       0%         N/A       71%         3
 Teleport Other           Tloc           0%         N/A       71%         3
 Vampiric Draining        Necr           0%         2d6       71%         3
 Dispersal                Tloc           0%         N/A       100%        6


Dungeon Overview and Level Annotations

Branches:
Dungeon (7/15)              Sewer (visited)
 Temple: D:4-7

Altars:
Cheibriados
Vehumet
Zin


Innate Abilities, Weirdness & Mutations

You have a beak for a mouth.
You have claws for feet.
Your magical nature lets you fly swiftly and evasively.


Message History

The water moccasin hisses angrily.
There is an escape hatch in the ceiling here.
The water moccasin bites you. The orc hits you with a +0 whip.
The orc hits you from afar with a +0 trident.
* * * LOW HITPOINT WARNING * * *
A mysterious force pulls you upwards. The hatch slams shut behind you.
Found 8 gold pieces.
The orc misses you.
The water moccasin attacks as you move away!
The water moccasin completely misses you.
An iguana comes into view.
The water moccasin bites you.
* * * LOW HITPOINT WARNING * * *
The orc barely misses you.
Found an escape hatch in the floor.
Found a stone staircase leading down.
The iguana hisses angrily.
A centaur comes into view.
It was a potion of berserk rage.
A red film seems to cover your vision as you go berserk!
You feel yourself moving faster!
You feel mighty!
The centaur shouts!
You hear a shout!
You hear an angry hiss.
The water moccasin closely misses you.
You puncture the water moccasin! You peck the water moccasin!
The water moccasin is severely wounded.
The water moccasin bites you.
* * * LOW HITPOINT WARNING * * *
You are lethally poisoned!
The water moccasin poisons you! The orc barely misses you.
You hit the water moccasin. You peck the water moccasin.
You kill the water moccasin!
* * * LOW HITPOINT WARNING * * *
You feel very sick. The orc hits you with a +0 whip.
* * * LOW HITPOINT WARNING * * *
Your Fighting skill increases to level 7!
You have reached level 6!
You are too berserk!
You puncture the orc!
You kill the orc!
You die...

##. ... #.. #.#
#.##.. #.#.#
###..$#
######...#
#........##
########†)##.##..
##@lc....#
#####...> .>


You could see a centaur and an iguana.

Vanquished Creatures
  A water moccasin (D:6)
  A bullfrog (Sewer)
  4 adders
  2 river rats (D:3)
  3 orcs
  13 ball pythons
  6 bats
  10 endoplasms
  7 giant cockroaches
  2 goblins
  4 hobgoblins
  8 jackals
  7 quokkas
  7 frilled lizards
  5 kobolds
  4 rats
84 creatures vanquished.

Notes
Turn   | Place    | Note
-------+----------+-------------------------------------------
     0 | D:1      | Aneyh the Tengu Monk began the quest for the Orb.
     0 | D:1      | Reached XP level 1. HP: 14/14 MP: 2/2
    58 | D:1      | Reached XP level 2. HP: 2/19 MP: 3/3
   453 | D:1      | Found a faded altar of an unknown god.
   679 | D:2      | Reached skill level 4 in Fighting
   679 | D:2      | Reached XP level 3. HP: 20/24 MP: 4/4
  1334 | D:3      | Found a glowing drain.
  1349 | D:3      | Reached XP level 4. HP: 5/30 MP: 5/5
  1439 | Sewer    | Entered a sewer
  1458 | Sewer    | Reached skill level 5 in Fighting
  1911 | Sewer    | Gained mutation: Your magical nature lets you fly swiftly
                  | and evasively. [Tengu growth]
  1911 | Sewer    | Reached XP level 5. HP: 35/35 MP: 6/6
  1953 | Sewer    | Reached skill level 6 in Fighting
  1972 | Sewer    | Learned a level 3 spell: Call Canine Familiar
  2140 | D:3      | Found a glowing silver altar of Zin.
  2217 | D:3      | Found a snail-covered altar of Cheibriados.
  2218 | D:3      | Found a radiant altar of Vehumet.
  2697 | D:4      | You are sucked into a shaft and drop 3 floors!
  2737 | D:7      | Noticed a water moccasin
  2744 | D:6      | Noticed a centaur
  2747 | D:6      | Killed a water moccasin
  2747 | D:6      | HP: 2/55 [orc/+0 whip (3)]
  2748 | D:6      | Reached skill level 7 in Fighting
  2748 | D:6      | Reached XP level 6. HP: 2/44 MP: 7/7
  2748 | D:6      | Succumbed to a water moccasin's poison

Illustrated notes

Levels and vault maps discovered:
D:1:      tarquinn_simple_flora_water_b, layout_basic,
          shapermc_ecumenical_altar_flowoftime, minmay_ruptured
D:2:      layout_rooms, uniq_crazy_yiuf_cottage
D:3:      layout_rooms, grunt_temple_overflow_open, portal_sewer_entry_e
D:4:      layout_layer_cave, minmay_temple_entry_wispy
D:6:      layout_layer_cave, serial_shops, shop, serial_park_tiny_pond,
          minmay_manual_mares, uniq_duvessa
D:7:      minmay_the_grid_four_pointed_star
          [minmay_the_grid_triangle_9x9_zippers_horizontal,
          minmay_the_grid_triangle_9x9_tough_junction,
          minmay_the_grid_triangle_9x9_fully_insulated_deathbox,
          minmay_the_grid_triangle_9x9_dagger, minmay_the_grid_prize_big_room],
          layout_rooms

Skill      XL: |  1  2  3  4  5 |
---------------+----------------+-----
Fighting       | 4 5 7 |  7.0
Polearms       | |  3.2
Dodging        | |  3.2
Stealth        | |  2.0

Action                     |  1- 3 |  4- 6 || total
---------------------------+-------+-------++-------
  Melee: Spear             |    91 |   122 ||   213
         Peck              |    16 |    13 ||    29
         Kick              |    15 |    20 ||    35
    Use: Potion            |     1 |     1 ||     2
         Scroll            |     2 |       ||     2
   Stab: Sleeping          |     5 |     8 ||    13
 Armour: Robe              |     7 |    11 ||    18
  Dodge: Dodged            |    71 |    90 ||   161

Table legend: (Time is in decaauts)
 A = Elapsed time spent in this place.
 B = Non-inter-level travel time spent in this place.
 C = Inter-level travel time spent in this place.
 D = Time resting spent in this place.
 E = Time spent auto-exploring this place.
 F = Levels seen in this place.
 G = Mean time per level.
                   A        B        C        D        E       F      G
               +--------+--------+--------+--------+--------+-----+--------+
         Total |   2716 |   2574 |    142 |    309 |   1653 |   7 |  388.0 |
       Dungeon |   2100 |   1958 |    142 |     85 |   1469 |   6 |  350.0 |
         Sewer |    615 |    615 |      0 |    224 |    184 |   1 |  615.0 |
               +--------+--------+--------+--------+--------+-----+--------+

Top non-repeatable levels by time:
     D:1: 681 daAuts
   Sewer: 615 daAuts
     D:2: 574 daAuts
     D:3: 566 daAuts
     D:4: 232 daAuts
     D:7: 39 daAuts
     D:6: 5 daAuts
